Map: Néo-Gettysburg EC

Players

zidar - Winner!

  • Race: Zerg Zerg
  • League: Platinum
  • Spawn Location: 7:00

marcos

  • Race: Zerg Zerg
  • League: Platinum
  • Spawn Location: 5:00

VOD

Have the link to the VOD?

Description

Time

  • Played on: Nov. 19, 2016, 3:32 p.m.
  • Length: 4:47
Show
View Real Time Build Order
Export as new Build Order

zidar Zerg - Winner!

Build Orders: 1 Base Baneling Bust, Pool Only 

Get SALT Encoding   

  12  0:02  Drone  
  13  0:08  Drone  
  13  0:13  Extractor  
  13  0:16  Drone  
  14  0:34  Spawning Pool  
  13  0:40  Drone  
  14  0:47  Overlord  
  14  1:02  Overlord  
  14  1:23  Metabolic Boost  
  14  1:24  Queen  
  16  1:27  Zergling x2  
  16  1:30  Zergling x2  
  18  1:34  Zergling x2  
  19  1:41  Zergling x2  
  20  1:50  Zergling x2  
  21  2:00  Baneling Nest  
  20  2:03  Zergling x2  
  21  2:11  Zergling x2  
  22  2:21  Zergling x2  
  23  2:33  Zergling x6  
  26  2:53  Zergling x2  
  26  2:56  Overlord  
  27  3:10  Overlord  
  27  3:17  Zergling x6  
  30  3:20  Baneling x6  
  30  3:24  Baneling  
  30  3:31  Zergling x2  
  25  3:53  Zergling x4  
  27  3:59  Zergling x2  
  28  4:15  Zergling x6  
  29  4:29  Zergling x8  
Show
View Real Time Build Order
Export as new Build Order

marcos Zerg 

Build Orders: Hatch First 

Get SALT Encoding   

  12  0:02  Drone  
  13  0:09  Drone  
  14  0:27  Overlord  
  14  0:46  Drone x3  
  17  1:03  Hatchery  
  16  1:06  Drone  
  17  1:13  Drone  
  18  1:18  Drone  
  19  1:26  Spawning Pool  
  19  1:29  Drone  
  19  1:41  Overlord, Extractor  
  18  1:52  Drone  
  19  2:10  Drone  
  19  2:12  Queen  
  19  2:14  Overlord  
  22  2:17  Queen  
  22  2:19  Drone  
  25  2:28  Zergling x2  
  26  2:30  Zergling x2  
  26  2:36  Zergling x2  
  28  2:38  Zergling x2  
  29  2:49  Baneling Nest  
  28  2:57  Zergling x2  
  29  3:06  Drone x2  
  29  3:07  Drone  
  29  3:11  Zergling x4  
  34  3:30  Zergling x4  
  36  3:45  Zergling x6  
  30  3:50  Drone  
  26  3:58  Zergling x2  
  27  4:02  Zergling x2  
  24  4:10  Spine Crawler  
  24  4:12  Spine Crawler  
  24  4:16  Zergling x4  
  22  4:25  Baneling  
  22  4:26  Baneling  
Tags
 
Add a new tag
Caveats
  • Supply blocks, unpowered buildings, or Contaminate may cause inaccurate times.
  • Supply counts are checked every 10 seconds.